AoeStats
← Caribe

Hideout

509997138Analyzed
1v1 RM · 3d ago on Sep 29, 2026· 46m 3s· 2 players
Game mode
Random Map
Map size
Tiny (2 player)
Population
200
Speed
Normal
Resources
Standard
Victory
Conquest
Starting age
Dark Age
Ending age
Imperial Age
RankedLock teamsTeams togetherTeam positionsShared explorationLock speedFull tech treeHidden civsTurbo modeCheats
Victory
Defeat
🇻🇪 Vietnamese · Venezuela
1267
+18
🇷🇴 Armenians · Romania
1300
-18
MRP9NDA
6:01 Loom
8:56 Feudal Age
9:39 Double-Bit Axe
9:37 Horse Collar
17:54 Castle Age
16:03 Gold Mining
17:29 Wheelbarrow
18:00 Fletching
18:50 Bow Saw
21:18 Gold Shaft Mining
20:45 Heavy Plow
20:48 Bodkin Arrow
22:09 Loom
23:07 Town Watch
25:00 Ballistics
31:27 Imperial Age
32:36 Bracer
34:03 Chemistry
35:41 Man-at-Arms
36:24 Squires
36:10 Gambesons
36:39 Long Swordsman
37:27 Padded Archer Armor
38:20 Two-Handed Swordsman
39:21 Scale Mail Armor
Caribe
10:51 Feudal Age
10:04 Loom
14:42 Castle Age
12:53 Double-Bit Axe
12:50 Horse Collar
13:16 Loom
15:57 Heavy Plow
16:07 Bow Saw
17:52 Bow Saw
19:31 Fletching
26:54 Imperial Age
24:50 Padded Archer Armor
25:25 Forging
25:52 Husbandry
27:34 Iron Casting
27:11 Bloodlines
27:31 Leather Archer Armor
29:45 Bodkin Arrow
30:22 Scale Barding Armor
30:29 Bracer
31:38 Siege Engineers
33:24 Ring Archer Armor
34:01 Chemistry
36:26 Ballistics
37:58 Two-Man Saw
39:55 Wheelbarrow
39:05 Town Watch
41:51 Light Cavalry
42:52 Chain Barding Armor
43:01 Hand Cart
42:46 Town Patrol
43:30 Gold Mining
44:23 Treadmill Crane
44:56 Elite Rattan Archer
Connection lost

Rejoining the realm…

Still unreachable

The connection could not be restored.

Session expired

The server has moved on; the page needs a fresh start.